 Dungeon Crawl Stone Soup version 0.28-a0-631-g0446da8ef9 (webtiles) character file.

Game seed: 8754623182254455839

637 ldmvfn the Vexing (level 7, -2/28 (32) HPs)
             Began as a Spriggan Enchanter on Oct 10, 2021.
             Slain by a necrophage (5 damage)
             ... on level 5 of the Dungeon.
             The game lasted 00:10:07 (5265 turns).

ldmvfn the Vexing (Spriggan Enchanter)              Turns: 5265, Time: 00:10:08

HP:   -2/28 (32)    AC:  3    Str: 12    XL:     7   Next: 25%
MP:   14/17         EV: 17    Int: 17    God:
Gold: 190           SH:  0    Dex: 15    Spells: 7/18 levels left

rFire   . . .      SeeInvis +   a - +2 dagger
rCold   . . .      Faith    .   (shield restricted)
rNeg    . . .      Spirit   .   b - +0 robe
rPois   .          Reflect  .   d - +1 hat {Will+}
rElec   .          Harm     .   (no cloak)
rCorr   .          Rampage  .   (gloves unavailable)
Will    ++...                   (boots unavailable)
Stlth   +++.......              (no amulet)
HPRegen 0.09/turn               i - +6 ring of strength
MPRegen 0.15/turn               (no ring)

@: heavily drained, very quick
A: very small, no large weapons, unfitting armour, see invisible, speed 3
a: no special abilities


You were on level 5 of the Dungeon.
You visited 1 branch of the dungeon, and saw 5 of its levels.

You collected 190 gold pieces.

Inventory:

Hand Weapons
 a - a +2 dagger (weapon)
Missiles
 j - 13 poisoned darts (quivered)
 k - 2 atropa-tipped darts
Armour
 b - a +0 robe (worn)
 d - a +1 hat of willpower (worn)
Jewellery
 i - a +6 ring of strength (left hand)
Scrolls
 n - 2 scrolls of enchant weapon
 q - a scroll of teleportation
Potions
 c - a potion of invisibility
 f - 2 potions of flight {unknown}
 g - 2 potions of lignification {unknown}
 h - a potion of resistance {unknown}
 l - 2 potions of curing
 m - 2 potions of brilliance {unknown}
 o - a potion of berserk rage {unknown}
 r - 2 potions of cancellation {unknown}


   Skills:
 - Level 1.1 Short Blades
 - Level 2.6 Dodging
 + Level 5.5 Stealth
 + Level 6.2 Spellcasting
 + Level 6.7 Hexes
 - Level 2.7 Summonings


You had 7 spell levels left.
You knew the following spells:

 Your Spells              Type           Power      Damage    Failure   Level
a - Ensorcelled Hibernat  Hex/Ice        32%        N/A       4%          2
b - Tukima's Dance        Hex            28%        N/A       2%          3
c - Dazzling Flash        Conj/Hex       32%        N/A       10%         3
d - Summon Guardian Gole  Hex/Summ       21%        N/A       5%          3

Your spell library contained the following spells:

 Spells                   Type           Power      Damage    Failure   Level
 Confusing Touch          Hex            28%        N/A       2%          3
 Summon Small Mammal      Summ           56%        N/A       4%          1
 Animate Skeleton         Necr           10%        N/A       13%         1
 Apportation              Tloc           10%        N/A       13%         1
 Orb of Destruction       Conj           2%         9d1       100%        7
 Spellforged Servitor     Conj/Summ      4%         N/A       100%        7


Dungeon Overview and Level Annotations

Branches:
Dungeon (5/15)
 Temple: D:4-7

Altars:
Makhleb
Nemelex Xobeh

Shops:
D:4 *


Innate Abilities, Weirdness & Mutations

You are very small and have problems with some larger weapons.
You are too small for most types of armour.
You have supernaturally acute eyesight. (SInv)
You cover ground extremely quickly. (Speed+++)


Message History

The necrophage easily resists.
The necrophage misses you.
Aiming: Paralyse
Press: ? - help, Shift-Dir - straight line, f/p - necrophage
Aim: a necrophage (moderately damaged, chance to affect: 28%)
The necrophage easily resists.
The now-empty wand crumbles to dust.
The necrophage hits you.
No previous command to re-do.
No previous command to re-do.
No previous command to re-do.
You are too injured to fight recklessly!
You are too injured to fight recklessly!
You are too injured to fight recklessly!
You are too injured to fight recklessly!
You are too injured to fight recklessly!
You are too injured to fight recklessly!
Unknown command.
Casting: Ensorcelled Hibernation (safe; 4% risk of failure)
Confirm with . or Enter, or press ? or * to list all spells.
A guardian golem appears, shielding your allies.
The necrophage closely misses you.
Unknown command.
You hit the necrophage.
The necrophage is heavily damaged.
The necrophage hits you.
You feel drained.
You hit the necrophage.
The necrophage is severely damaged.
The necrophage hits you.
You feel drained.
* * * LOW HITPOINT WARNING * * *
A gnoll comes into view. It is wielding a +0 spear.
You barely miss the necrophage.
The necrophage is severely damaged.
The necrophage barely misses you.
You hit the necrophage but do no damage.
The necrophage is severely damaged.
The necrophage hits you.
* * * LOW HITPOINT WARNING * * *
You barely miss the necrophage.
The necrophage is severely damaged.
The necrophage hits you.
You die...

......####.......##
. ......# ##.....##
#.##.##.## ##...##
.... .g.# #### ##
.....##..# . ...
#.....###... ....
#.##9.......
...###.##n.###...
#.....##@.# .
#.......#
..#.#.......#
#......[...#
....###.##### . .
#.# #.#######
#...<...# #######.#


You could see a necrophage (ally target), a gnoll and a friendly guardian golem
(summoned).

Vanquished Creatures
  Edmund (D:4)
  A scorpion (D:4)
  A howler monkey (D:5)
  3 hounds (D:4)
  An orc priest (D:3)
  A bullfrog skeleton (D:5)
  Terence (D:2)
  Natasha (thrice) (D:2)
  A hound skeleton (D:4)
  A gnoll (D:5)
  7 adders
  An adder skeleton (D:4)
  2 worms (D:2)
  2 dart slugs (D:3)
  5 orcs
  10 endoplasms
  5 giant cockroaches
  7 goblins
  5 hobgoblins
  5 jackals
  4 kobolds
  3 quokkas (D:3)
  4 ball pythons
  7 bats
  2 frilled lizards
83 creatures vanquished.

Vanquished Creatures (others)
  A dancing weapon (D:4)
1 creature vanquished.

Grand Total: 84 creatures vanquished

Notes
Turn   | Place    | Note
-------+----------+-------------------------------------------
     0 | D:1      | ldmvfn the Spriggan Enchanter began the quest for the Orb.
     0 | D:1      | Reached XP level 1. HP: 9/9 MP: 5/5
     6 | D:1      | Noticed a komodo dragon
     6 | D:1      | Noticed a redback
     6 | D:1      | Noticed a five-headed hydra
     7 | D:1      | Noticed a hound
     7 | D:1      | Noticed a polar bear
   778 | D:1      | Reached XP level 2. HP: 13/13 MP: 7/7
   781 | D:1      | Learned a level 2 spell: Ensorcelled Hibernation
   888 | D:2      | Noticed Terence
  1044 | D:2      | Noticed Natasha
  1051 | D:2      | Killed Natasha
  1052 | D:2      | Reached XP level 3. HP: 15/16 MP: 9/9
  1059 | D:2      | Learned a level 3 spell: Tukima's Dance
  1063 | D:2      | Learned a level 3 spell: Dazzling Flash
  1139 | D:2      | Found a faded altar of an unknown god.
  1387 | D:2      | Noticed Natasha
  1395 | D:2      | Killed Natasha
  1396 | D:2      | Reached skill level 5 in Hexes
  1396 | D:2      | Reached XP level 4. HP: 11/21 MP: 6/11
  1506 | D:2      | Killed Terence
  1622 | D:2      | Noticed Natasha
  1630 | D:2      | Killed Natasha
  2246 | D:2      | Reached XP level 5. HP: 24/24 MP: 13/13
  2386 | D:3      | Reached skill level 5 in Spellcasting
  3799 | D:4      | Learned a level 3 spell: Summon Guardian Golem
  3843 | D:4      | Found Viempaij's Elemental Accessories.
  3898 | D:4      | Reached XP level 6. HP: 25/28 MP: 15/15
  3932 | D:4      | Found a sparkling altar of Nemelex Xobeh.
  4068 | D:4      | Reached skill level 1 in Summonings
  4641 | D:4      | Noticed Edmund
  4653 | D:4      | Killed Edmund
  4654 | D:4      | Reached skill level 5 in Stealth
  4654 | D:4      | Reached XP level 7. HP: 32/32 MP: 13/17
  4691 | D:4      | Found a burning altar of Makhleb.
  4691 | D:4      | Noticed a cacodemon
  4789 | D:5      | Entered Level 5 of the Dungeon
  5265 | D:5      | Slain by a necrophage

Illustrated notes

Levels and vault maps discovered:
D:1:      onia_arrival_zoo_common, layout_rooms
D:2:      layout_basic, chequers_ecumenical_altar_simple, corner_web_ring,
          solitary_fountain, grunt_decor_arrowhead, minivault_4, uniq_natasha,
          uniq_terence
D:3:      minmay_skewed_foursquare, layout_basic, st_stairs_6, dk_noncrumbling_3
D:4:      layout_loops_cross, nemelex_xobeh_ov_fountains_minmay,
          makhleb_altar_promises_db, nicolae_elemental_shop,
          wad_floor_pattern_1, uniq_edmund
D:5:      lemuel_castle_with_subvaults [lemuel_castle_interior_carwin_1],
          layout_loops_cross, okawaru_metal_pillars_1_2,
          minmay_temple_entry_offerings, serial_shops, nicolae_diamond_shop

Skill      XL: |  1  2  3  4  5  6 |
---------------+-------------------+-----
Spellcasting   | 3 4 5 6 |  6.2
Hexes          | 4 5 6 |  6.7
Summonings     | 2 |  2.7
Stealth        | 5 |  5.5
Short Blades   | |  1.1
Dodging        | |  2.6

Action                   |  1- 3 |  4- 6 |  7- 9 || total
-------------------------+-------+-------+-------++-------
Melee: Dagger            |    45 |   199 |    50 ||   294
Throw: Dart              |     2 |     6 |       ||     8
 Cast: Ensorcelled Hiber |     3 |    26 |     8 ||    37
       Tukima's Dance    |       |     1 |       ||     1
       Summon Guardian G |       |       |     1 ||     1
Evoke: Wand              |       |     2 |     3 ||     5
  Use: Scroll            |     4 |     4 |       ||     8
 Stab: Sleeping          |     9 |    22 |     3 ||    34
       Paralysed         |       |     3 |       ||     3
Armor: Robe              |     4 |    25 |     5 ||    34
Dodge: Dodged            |    21 |   134 |    70 ||   225

Table legend: (Time is in decaauts)
 A = Elapsed time spent in this place.
 B = Non-inter-level travel time spent in this place.
 C = Inter-level travel time spent in this place.
 D = Time resting spent in this place.
 E = Time spent auto-exploring this place.
 F = Levels seen in this place.
 G = Mean time per level.
                   A        B        C        D        E       F      G
               +--------+--------+--------+--------+--------+-----+--------+
         Total |   4210 |   4100 |    110 |    366 |   2965 |   5 |  842.0 |
       Dungeon |   4210 |   4100 |    110 |    366 |   2965 |   5 |  842.0 |
               +--------+--------+--------+--------+--------+-----+--------+

Top non-repeatable levels by time:
     D:4: 1185 daAuts
     D:3: 1151 daAuts
     D:2: 1121 daAuts
     D:1: 676 daAuts
     D:5: 75 daAuts
